 Dungeon Crawl Stone Soup version 0.29.0-4-gdea44cf6ec (webtiles) character file.

Game seed: 14248918487174006141

181 qw the Chopper (level 5, -1/30 HPs)
             Began as a Tengu Warper on Aug 28, 2022.
             Slain by a black bear (6 damage)
             ... on level 4 of the Dungeon.
             The game lasted 00:00:22 (4128 turns).

qw the Chopper (Tengu Warper)                       Turns: 4128, Time: 00:00:23

Health: -1/30      AC:  8    Str: 13    XL:     5   Next: 61%
Magic:  9/9        EV:  9    Int: 14    God:
Gold:   324        SH: 15    Dex: 19    Spells: 8/8 levels left

rFire   . . .      SeeInvis .   Y - +2 hand axe
rCold   + . .      Faith    .   i - +0 kite shield
rNeg    . . .      Spirit   .   c - +1 scale mail {rC+}
rPois   .          Reflect  +   (helmet restricted)
rElec   .          Harm     .   e - +0 cloak
rCorr   .          Rampage  .   (no gloves)
Will    .....                   (boots unavailable)
Stlth   ..........              b - amulet of reflection
HPRegen 0.10/turn               h - +6 ring of dexterity
MPRegen 0.11/turn               (no ring)

@: flying quickly and evasively, quick
A: beak, talons 3, nimble flight
a: no special abilities


You were on level 4 of the Dungeon.
You visited 1 branch of the dungeon, and saw 4 of its levels.

You collected 324 gold pieces.


Innate Abilities, Weirdness & Mutations

You have a beak for a mouth.
You have claws for feet.
Your magical nature lets you fly swiftly and evasively.


   Skills:
 - Level 2.0 Fighting
 + Level 5.0 Axes
 - Level 1.0 Throwing
 - Level 1.1 Armour
 - Level 2.1 Dodging
 - Level 3.1 Shields
 - Level 2.0 Spellcasting
 - Level 2.4 Translocations


You had 8 spell levels left.
You didn't know any spells.
Your spell library contained the following spells:

 Spells                   Type           Power      Damage    Failure   Level
 Blink                    Tloc           16%        N/A       90%         2
 Gell's Gravitas          Tloc           8%         N/A       99%         3
 Lesser Beckoning         Tloc           8%         N/A       99%         3
 Teleport Other           Tloc           8%         N/A       99%         3
 Manifold Assault         Tloc           8%         N/A       100%        5

Inventory:

Hand Weapons
 t - a +0 morningstar
 Y - a +2 hand axe (weapon)
Armour
 c - a +1 scale mail of cold resistance (worn)
 d - a +0 chain mail
 e - a +0 cloak (worn)
 i - a +0 kite shield (worn)
Jewellery
 b - an amulet of reflection (around neck)
 h - a +6 ring of dexterity (left hand)
Scrolls
 a - a scroll of immolation {unknown}
 m - 2 scrolls of identify
Potions
 j - a potion of mutation {unknown}
 k - a potion of curing
 l - a potion of attraction {unknown}
 n - a potion of might {unknown}
 o - a potion of resistance {unknown}
 p - a potion of cancellation {unknown}
 q - a potion of ambrosia {unknown}
 r - a potion of brilliance {unknown}

Dungeon Overview and Level Annotations

Branches:
Dungeon (4/15)
 Temple: D:4-7

Altars:
Elyvilon
Fedhas
Vehumet

Shops:
D:1 *


Message History

You closely miss the black bear.
The black bear is lightly wounded.
The black bear barely misses you.
The black bear claws you but does no damage.
You block the black bear's attack.
You hit the black bear. Your kick misses the black bear.
The black bear is moderately wounded.
The black bear bites you but does no damage.
You block the black bear's attack.
The black bear claws you but does no damage.
You hit the black bear. You claw the black bear.
The black bear is moderately wounded.
You block the black bear's attack.
The black bear claws you but does no damage.
You block the black bear's attack.
You barely miss the black bear. You claw the black bear.
You peck the black bear.
The black bear is heavily wounded.
The black bear bites you but does no damage.
The black bear claws you but does no damage.
The black bear claws you. You block the black bear's attack. x2
The black bear claws you but does no damage.
You hit the black bear. You claw the black bear.
The black bear is almost dead.
The black bear goes berserk!
You barely miss the black bear. You claw the black bear.
The black bear is almost dead.
The black bear bites you! You block the black bear's attack. x2
The black bear closely misses you. You block the black bear's attack.
The black bear claws you but does no damage.
You barely miss the black bear.
You peck the black bear, but do no damage.
The black bear is almost dead.
The black bear bites you. You block the black bear's attack.
The black bear claws you. The black bear bites you.
The black bear barely misses you. x2
You completely miss the black bear.
The black bear is almost dead.
The black bear bites you.
You die...

#.# #.. ####.#
#.# #....# #..
#.######..
#.#####.))......
........)#####..
#.######.#
#.###h######.#
#....@.......#
#......#######
#......#
.........#
##.......# ###
#.......# #..
#.......# #.7
#.......# #.7
#.......# #.7


You could see a black bear (berserk).

Vanquished Creatures
  An orc wizard (D:4)
  5 adders
  2 gnolls (D:3)
  A shadow imp (D:4)
  2 worms
  A dart slug (D:1)
  An orc (D:4)
  7 endoplasms
  A giant cockroach (D:3)
  9 hobgoblins
  13 jackals
  4 kobolds
  7 quokkas
  2 ball pythons
  4 bats
  3 frilled lizards
  3 goblins
  6 rats
72 creatures vanquished.

Vanquished Creatures (others)
  16 plants (D:3)
  3 toadstools (D:3)
19 creatures vanquished.

Grand Total: 91 creatures vanquished

Notes
Turn   | Place    | Note
-------+----------+-------------------------------------------
     0 | D:1      | qw the Tengu Warper began the quest for the Orb.
     0 | D:1      | Reached XP level 1. HP: 12/12 MP: 4/4
     0 | D:1      | 0 ||| qw: Version: 0.1-a-89-g26bdef1
     0 | D:1      | 0 ||| qw: Game counter: 931
     0 | D:1      | 0 ||| qw: Always use a shield: true
     0 | D:1      | 0 ||| qw: God list: Okawaru
     0 | D:1      | 0 ||| qw: Allow faded altars: false
     0 | D:1      | 0 ||| qw: Do Orc after D:15 true
     0 | D:1      | 0 ||| qw: Do second Lair branch before Depths: true
     0 | D:1      | 0 ||| qw: Lair rune preference: random
     0 | D:1      | 0 ||| qw: Plans: Normal
     0 | D:1      | 0 ||| PLANNING D:1-11
    35 | D:1      | Found Roiziuvu's General Store.
    50 | D:1      | 50 ||| SHOPLISTING +0 flail (38 gold, have 10).
    50 | D:1      | 50 ||| SHOPLISTING +2 ring mail of willpower (231 gold,
                  | have 10).
    50 | D:1      | 50 ||| SHOPLISTING +3 vorpal mace (236 gold, have 10).
    50 | D:1      | 50 ||| SHOPLISTING scroll of identify (22 gold, have 10).
   170 | D:1      | 170 ||| Stepping ~*~*~tactically~*~*~ (stealth).
   177 | D:1      | 177 ||| Stepping ~*~*~tactically~*~*~ (stealth).
   178 | D:1      | 178 ||| Stepping ~*~*~tactically~*~*~ (stealth).
   366 | D:1      | Reached XP level 2. HP: 17/17 MP: 6/6
   405 | D:1      | Reached skill level 3 in Axes
   671 | D:1      | Found a faded altar of an unknown god.
   765 | D:1      | 765 ||| UPGRADING to +0 buckler.
   770 | D:1      | 770 ||| UPGRADING to +6 ring of dexterity.
   771 | D:1      | 771 ||| READING scroll labelled TATONI POTAI.
   772 | D:1      | 772 ||| READING scroll labelled DIAFUCR LEUJINE.
   873 | D:1      | 873 ||| READING 2 scrolls labelled NIYLI WAOCSIU.
   874 | D:1      | 874 ||| DROPPING scroll of blinking.
   888 | D:2      | Reached skill level 1 in Shields
   888 | D:2      | Reached XP level 3. HP: 21/21 MP: 7/7
   954 | D:2      | HP: 5/21 [poisoned by an adder]
   955 | D:2      | 955 ||| FLEEEEING.
   956 | D:2      | 956 ||| FLEEEEING.
   957 | D:2      | HP: 2/21 [poisoned by an adder]
   958 | D:2      | 958 ||| STAIRDANCE
  1220 | D:1      | 1220 ||| UPGRADING to +1 scale mail of cold resistance.
  1230 | D:1      | 1230 ||| DROPPING +0 leather armour.
  1267 | D:2      | 1267 ||| Stepping ~*~*~tactically~*~*~ (stealth).
  1275 | D:2      | Reached skill level 4 in Axes
  1575 | D:2      | 1575 ||| Stepping ~*~*~tactically~*~*~ (stealth).
  1581 | D:2      | Reached XP level 4. HP: 25/26 MP: 8/8
  1771 | D:2      | 1771 ||| Stepping ~*~*~tactically~*~*~ (stealth).
  1772 | D:2      | 1772 ||| Stepping ~*~*~tactically~*~*~ (stealth).
  1777 | D:2      | 1777 ||| Stepping ~*~*~tactically~*~*~ (stealth).
  1891 | D:2      | 1891 ||| UPGRADING to +0 kite shield.
  1901 | D:2      | 1901 ||| DROPPING +0 buckler.
  1902 | D:2      | 1902 ||| UPGRADING to amulet of reflection.
  1907 | D:2      | 1907 ||| READING scroll labelled VURPHUAHAICW.
  1908 | D:2      | 1908 ||| DRINKING 2 glowing white potions.
  1909 | D:2      | 1909 ||| READING 3 scrolls of identify.
  1909 | D:2      | 1909 ||| IDENTIFYING metallic sapphire potion
  1910 | D:2      | 1910 ||| READING 2 scrolls of identify.
  1910 | D:2      | 1910 ||| IDENTIFYING emerald potion
  1911 | D:2      | 1911 ||| DROPPING potion of lignification.
  1912 | D:2      | 1912 ||| DROPPING potion of flight.
  1927 | D:3      | 1927 ||| PLANNING SEWER
  2169 | D:3      | Found a blossoming altar of Fedhas.
  2428 | D:3      | 2428 ||| DROPPING +0 club.
  2499 | D:3      | Found a glowing drain.
  2500 | D:3      | 2500 ||| UPGRADING to +0 cloak.
  2505 | D:3      | 2505 ||| READING scroll labelled ANIEGIQAEGG.
  2506 | D:3      | 2506 ||| READING scroll labelled MUUSKAOQUP.
  2507 | D:3      | 2507 ||| READING 2 scrolls of identify.
  2507 | D:3      | 2507 ||| IDENTIFYING bubbling amethyst potion
  2508 | D:3      | 2508 ||| DROPPING potion of degeneration.
  2509 | D:3      | 2509 ||| Stepping randomly (stuck).
  2510 | D:3      | 2510 ||| Stepping ~*~*~tactically~*~*~ (cloud).
  2515 | D:3      | HP: 6/26 [poisoned by you (poison gas)]
  2803 | D:3      | 2803 ||| Stepping randomly (stuck).
  2804 | D:3      | 2804 ||| Stepping randomly (stuck).
  2805 | D:3      | 2805 ||| Stepping randomly (stuck).
  2806 | D:3      | 2806 ||| Stepping randomly (stuck).
  2807 | D:3      | 2807 ||| Stepping randomly (stuck).
  2808 | D:3      | 2808 ||| Stepping randomly (stuck).
  2809 | D:3      | 2809 ||| Stepping randomly (stuck).
  2810 | D:3      | 2810 ||| Stepping randomly (stuck).
  2850 | D:3      | 2850 ||| RIP SEWER
  2850 | D:3      | 2850 ||| PLANNING D:1-11
  3110 | D:3      | Found a radiant altar of Vehumet.
  3507 | D:4      | Gained mutation: Your magical nature lets you fly swiftly
                  | and evasively. [Tengu growth]
  3507 | D:4      | Reached XP level 5. HP: 23/30 MP: 9/9
  3507 | D:4      | 3507 ||| STAIRDANCE
  3595 | D:4      | Found a white marble altar of Elyvilon.
  3724 | D:4      | 3724 ||| READING scroll of enchant weapon.
  3724 | D:4      | 3724 ||| ENCHANTING +1 hand axe.
  3767 | D:4      | 3767 ||| Stepping ~*~*~tactically~*~*~ (stealth).
  3836 | D:4      | Reached skill level 3 in Shields
  4075 | D:4      | 4075 ||| Stepping ~*~*~tactically~*~*~ (hiding).
  4076 | D:4      | 4076 ||| Stepping ~*~*~tactically~*~*~ (hiding).
  4086 | D:4      | Reached skill level 5 in Axes
  4088 | D:4      | 4088 ||| Stepping ~*~*~tactically~*~*~ (stealth).
  4114 | D:4      | Noticed a black bear
  4127 | D:4      | HP: 5/30 [black bear (3)]
  4128 | D:4      | Slain by a black bear

Levels and vault maps discovered:
D:1:      giann_bridges, layout_basic, chequers_ecumenical_altar_twisty,
          serial_shops, shop
D:2:      layout_basic
D:3:      wad_woods_tower, layout_loops_corners, lemuel_doored_altar,
          mainiacjoe_overflow_boulevard, cheibrodos_sewer_entry_bend,
          minmay_gold_behind_fungi
D:4:      layout_basic, mainiacjoe_overflow_alcove_4, hangedman_decor_push,
          serial_park_tiny_pond

Skill      XL: |  1  2  3  4  5 |
---------------+----------------+-----
Axes           | 3 4 5 |  5.0
Shields        | 1 2 3 |  3.1
Fighting       | |  2.0
Throwing       | |  1.0
Armour         | |  1.1
Dodging        | |  2.1
Spellcasting   | |  2.0
Translocations | |  2.4

Action                   |  1- 3 |  4- 6 || total
-------------------------+-------+-------++-------
Melee: Hand axe          |    60 |    94 ||   154
       Peck              |     8 |    12 ||    20
       Kick              |    10 |    29 ||    39
Throw: Boomerang         |    26 |    33 ||    59
  Use: Scroll            |     3 |     7 ||    10
       Potion            |       |     1 ||     1
Armor: Leather armour    |     9 |       ||     9
       Scale mail        |    10 |    23 ||    33
Dodge: Dodged            |    18 |    27 ||    45
Block: Buckler           |     5 |     4 ||     9
       Kite shield       |       |    54 ||    54
       Reflection        |       |     1 ||     1

Table legend:
 A = Non-vault XP
 B = Vault XP
 C = Vault XP percentage of total XP
 D = Non-vault monster count
 E = Vault monster count
 F = Vault count percentage of total count
                 A         B        C        D         E       F
            +---------+---------+-------+---------+---------+-------
      Total |     218 |      41 |  15.8 |      65 |       7 |   9.7
            +---------+---------+-------+---------+---------+-------
        D:1 |      22 |       0 |   0.0 |      13 |       0 |   0.0
        D:2 |      77 |       0 |   0.0 |      28 |       0 |   0.0
        D:3 |      24 |      41 |  63.1 |      14 |       7 |  33.3
        D:4 |      95 |       0 |   0.0 |      10 |       0 |   0.0
            +---------+---------+-------+---------+---------+-------
